 Dungeon Crawl Stone Soup version 0.29-a0-330-g52719c12eb (webtiles) character file.

Game seed: 2811219151786835720

273 kae the Firebug (level 5, -1/38 HPs)
             Began as a Demigod Fire Elementalist on Apr 30, 2022.
             Slain by a gnoll
             ... wielding a +0 whip
              (5 damage)
             ... on level 4 of the Dungeon.
             The game lasted 00:02:30 (5621 turns).

kae the Firebug (Demigod Fire Elementalist)         Turns: 5621, Time: 00:02:30

Health: -1/38      AC:  6    Str:  9    XL:     5   Next: 72%
Magic:  6/13       EV: 11    Int: 21    God:
Gold:   407        SH:  0    Dex: 14    Spells: 1/10 levels left

rFire   . . .      SeeInvis .   j - +0 short sword (venom)
rCold   . . .      Faith    .   (no shield)
rNeg    . . .      Spirit   .   g - +1 leather armour {rPois}
rPois   +          Reflect  .   (no helmet)
rElec   .          Harm     .   (no cloak)
rCorr   .          Rampage  .   (no gloves)
Will    .....                   e - +1 pair of boots
Stlth   ++........              (no amulet)
HPRegen 0.12/turn               (no ring)
MPRegen 0.13/turn               (no ring)

@: flying
A: high MP 1, forlorn, divine attributes
a: no special abilities


You were on level 4 of the Dungeon.
You visited 1 branch of the dungeon, and saw 4 of its levels.

You collected 407 gold pieces.

Inventory:

Hand Weapons
 d - a +0 dagger
 j - a +0 short sword of venom (weapon)
Armour
 a - a +0 robe
 e - a +1 pair of boots (worn)
 g - a +1 leather armour of poison resistance (worn)
Jewellery
 c - a ring of positive energy
Wands
 n - a wand of flame (13)
Scrolls
 m - a scroll of immolation
Potions
 b - a potion of magic
 f - a potion of mutation


   Skills:
 - Level 1.7 Dodging
 - Level 1.7 Stealth
 + Level 3.3 Spellcasting
 + Level 3.1 Conjurations
 + Level 4.1 Fire Magic


You had one spell level left.
You knew the following spells:

 Your Spells              Type           Power      Damage    Failure   Level
a - Foxfire               Conj/Fire      72%        2x1d7     4%          1
b - Scorch                Fire           42%        2d7       4%          2
c - Conjure Flame         Conj/Fire      18%        6-21      12%         3
d - Inner Flame           Hex/Fire       12%        N/A       22%         3

Your spell library contained the following spells:

 Spells                   Type           Power      Damage    Failure   Level
 Animate Skeleton         Necr           6%         N/A       19%         1
 Apportation              Tloc           6%         N/A       19%         1
 Summon Small Mammal      Summ           12%        N/A       19%         1
 Flame Wave               Conj/Fire      18%        2d6       36%         4
 Tukima's Dance           Hex            3%         N/A       47%         3
 Passage of Golubria      Tloc           3%         N/A       87%         4
 Yara's Violent Unravell  Hex/Tmut       1%         3d3       99%         5


Dungeon Overview and Level Annotations

Branches:
Dungeon (4/15)             Temple (0/1) D:4


Innate Abilities, Weirdness & Mutations

You have an increased reservoir of magic. (+10% MP)
You shall have no god before yourself.
Your divine heritage dramatically boosts your attributes as you level up.


Message History

The gnoll shaman calls upon its god to heal the gnoll.
The gnoll is healed somewhat.
Casting: Scorch (safe; 4% risk of failure)
Confirm with . or Enter, or press ? or * to list all spells.
Flames lash the gnoll shaman.
The gnoll shaman is heavily wounded.
The gnoll shaman's fire resistance burns away.
The gnoll hits you with a +0 whip. The gnoll misses you. x2
The gnoll barely misses you. The gnoll hits you with a +0 club.
It was a potion of flight.
You feel very buoyant.
You fly up into the air.
The gnoll closely misses you. x2
The gnoll hits you with a +0 whip!
* * * LOW HITPOINT WARNING * * *
You feel better.
The gnoll shaman is no longer more vulnerable to fire.
The gnoll is no longer more vulnerable to fire.
The gnoll hits you with a +0 whip. The gnoll hits you with a +0 club.
* * * LOW HITPOINT WARNING * * *
You feel better. The gnoll misses you. The gnoll hits you but does no damage.
The gnoll hits you with a +0 whip.
* * * LOW HITPOINT WARNING * * *
You feel better. The gnoll hits you with a +0 whip. The gnoll misses you.
The gnoll shaman calls upon its god to speed up the gnoll.
The gnoll seems to speed up.
You hit the gnoll.
The gnoll is poisoned.
The gnoll is lightly wounded.
The gnoll hits you with a +0 whip. The gnoll hits you with a +0 club.
The gnoll misses you.
You hit the gnoll.
The gnoll looks as sick as possible!
The gnoll is moderately wounded.
The gnoll closely misses you. The gnoll hits you with a +0 club.
You barely miss the gnoll.
The gnoll is moderately wounded.
The gnoll hits you with a +0 whip.
* * * LOW HITPOINT WARNING * * *
The gnoll hits you with a +0 club.
* * * LOW HITPOINT WARNING * * *
The gnoll hits you with a +0 whip.
You die...

#......#######..# #.#
######.#........# #..
#.#.######.# ### #.#.#
#.# #.#.######.#
#.#........#
#.#..#######
#####.#.g#####
#.......gg@g.#
#>###.#.g###.# #.#
#.#..# #.# ### #.#
#.#..###.############..
#.#
#.#......##.......)....
#.#
#.##..................#
#.#
#.#####g.##.###.#######
#.# #.# #..##.# #.# #
#.# #.# #..##.###.####
#


You could see a gnoll shaman and 4 gnolls.

Vanquished Creatures
  2 scorpions (D:4)
  An iguana (D:4)
  3 adders (D:2)
  2 worms (D:3)
  2 dart slugs (D:1)
  An orc (D:3)
  10 ball pythons
  8 bats
  4 endoplasms
  9 goblins
  13 hobgoblins
  2 jackals (D:3)
  4 kobolds
  8 quokkas
  4 frilled lizards
  5 giant cockroaches
  12 rats
90 creatures vanquished.

Vanquished Creatures (others)
  A wizard (D:3)
  287 foxfires
288 creatures vanquished.

Grand Total: 378 creatures vanquished

Notes
Turn   | Place    | Note
-------+----------+-------------------------------------------
     0 | D:1      | kae the Demigod Fire Elementalist began the quest for the
                  | Orb.
     0 | D:1      | Reached XP level 1. HP: 14/14 MP: 5/5
    60 | D:1      | Reached skill level 1 in Conjurations
   354 | D:1      | Reached XP level 2. HP: 20/20 MP: 5/7
   365 | D:1      | Learned a level 2 spell: Scorch
   447 | D:1      | Reached skill level 3 in Fire Magic
   933 | D:1      | Reached XP level 3. HP: 26/26 MP: 7/9
  1796 | D:2      | Identified the +2 robe "Wein" {SInv}
  2152 | D:2      | Reached XP level 4. HP: 33/33 MP: 7/10
  3850 | D:3      | Noticed a wizard
  3855 | D:3      | Killed a wizard
  4217 | D:4      | Found a staircase to the Ecumenical Temple.
  4229 | D:4      | Reached XP level 5. HP: 23/38 MP: 5/12
  4880 | D:4      | Learned a level 3 spell: Conjure Flame
  4884 | D:4      | Learned a level 3 spell: Inner Flame
  4979 | D:4      | Reached skill level 4 in Fire Magic
  5621 | D:4      | Slain by a gnoll

Illustrated notes

Levels and vault maps discovered:
D:1:      erik_arrival_orb_chamber, layout_loops_cross,
          nicolae_ecumenical_snake_handling, grunt_decor_mini_mirrors,
          minmay_misc_feat_hallway, minmay_hexomino_p4
D:2:      layout_loops_corners, solitary_fountain
D:3:      layout_loops_corners, trog_wizard
D:4:      layout_loops_ring, minmay_temple_entry_glassed_door,
          serial_park_tiny_pond

Skill      XL: |  1  2  3  4  5 |
---------------+----------------+-----
Conjurations   | 1 2 3 |  3.1
Spellcasting   | 2 3 |  3.3
Fire Magic     | 3 4 |  4.1
Dodging        | |  1.7
Stealth        | |  1.7

Action                   |  1- 3 |  4- 6 || total
-------------------------+-------+-------++-------
Melee: Unarmed           |     7 |       ||     7
       Dagger            |    22 |       ||    22
       Short sword       |       |     7 ||     7
 Cast: Foxfire           |    83 |   114 ||   197
       Scorch            |     3 |    12 ||    15
Evoke: Wand              |       |     1 ||     1
  Use: Scroll            |       |     9 ||     9
       Potion            |       |     4 ||     4
 Stab: Sleeping          |     1 |       ||     1
Armor: Robe              |    16 |     8 ||    24
       Leather armour    |       |     3 ||     3
Dodge: Dodged            |    25 |    27 ||    52

Table legend: (Time is in decaauts)
 A = Elapsed time spent in this place.
 B = Non-inter-level travel time spent in this place.
 C = Inter-level travel time spent in this place.
 D = Time resting spent in this place.
 E = Time spent auto-exploring this place.
 F = Levels seen in this place.
 G = Mean time per level.
                   A        B        C        D        E       F      G
               +--------+--------+--------+--------+--------+-----+--------+
         Total |   5619 |   5484 |    135 |     62 |   4735 |   4 | 1404.8 |
       Dungeon |   5619 |   5484 |    135 |     62 |   4735 |   4 | 1404.8 |
               +--------+--------+--------+--------+--------+-----+--------+

Top non-repeatable levels by time:
     D:1: 1545 daAuts
     D:4: 1520 daAuts
     D:3: 1481 daAuts
     D:2: 1071 daAuts
